 Dungeon Crawl Stone Soup version 0.29.0-5-ge4962eb29e (webtiles) character file.

Game seed: 17586127971835662835

179 apoch the Chopper (level 5, 0/45 HPs)
             Began as a Minotaur Fighter on Aug 30, 2022.
             Slain by a gnoll
             ... wielding a +0 halberd
             ... led by a gnoll sergeant
              (9 damage)
             ... on level 3 of the Dungeon.
             The game lasted 00:04:51 (2409 turns).

apoch the Chopper (Minotaur Fighter)                Turns: 2409, Time: 00:04:52

Health: 0/45       AC: 13    Str: 23    XL:     5   Next: 33%
Magic:  4/4        EV:  7    Int:  5    God:
Gold:   82         SH:  4    Dex:  9    Spells: 4/4 levels left

rFire   . . .      SeeInvis .   a - +0 war axe
rCold   . . .      Faith    .   c - +0 buckler
rNeg    . . .      Spirit   .   q - +0 chain mail
rPois   .          Reflect  .   (helmet restricted)
rElec   .          Harm     .   m - +2 cloak
rCorr   .          Rampage  .   l - +0 pair of gloves
Will    .....                   (no boots)
Stlth   ..........              (no amulet)
HPRegen 0.15/turn               (no ring)
MPRegen 0.09/turn               (no ring)

@: no status effects
A: horns 2, retaliatory headbutt
a: no special abilities


You were on level 3 of the Dungeon.
You visited 1 branch of the dungeon, and saw 3 of its levels.

You collected 82 gold pieces.

Inventory:

Hand Weapons
 a - a +0 war axe (weapon)
Missiles
 g - 7 poisoned darts
 t - 2 stones (quivered)
 u - 3 boomerangs
Armour
 b - a +0 scale mail
 c - a +0 buckler (worn)
 l - a +0 pair of gloves (worn)
 m - a +2 cloak (worn)
 q - a +0 chain mail (worn)
Wands
 j - a wand of iceblast (11)
 r - a wand of polymorph (7)
 y - a wand of acid (7)
Scrolls
 f - a scroll of enchant weapon {unknown}
 h - a scroll of enchant armour {unknown}
 k - 2 scrolls of vulnerability {unknown}
 n - a scroll of fog {unknown}
 v - a scroll of blinking {unknown}
 x - 2 scrolls of teleportation {unknown}
Potions
 d - 3 potions of might
 e - a potion of mutation {unknown}
 i - 2 potions of flight {unknown}
 o - a potion of invisibility {unknown}
 p - a potion of lignification {unknown}
 s - a potion of curing {unknown}
 w - a potion of resistance


   Skills:
 - Level 3.6 Fighting
 + Level 6.8 Axes
 - Level 3.6 Armour
 - Level 3.6 Shields


You had 4 spell levels left.
You didn't know any spells.
Your spell library was empty.

Dungeon Overview and Level Annotations

Branches:
Dungeon (3/15)

Altars:


Innate Abilities, Weirdness & Mutations

You have a pair of horns on your head.
You reflexively headbutt those who attack you in melee.


Message History

You see here a +0 flail.
You slash the gnoll sergeant!
The gnoll sergeant is severely wounded.
The gnoll sergeant hits you but does no damage.
Space warps horribly around you.
The gnoll sergeant hits you but does no damage.
Space warps around you.
You barely miss the gnoll sergeant.
The gnoll sergeant is severely wounded.
The gnoll shouts!
The gnoll sergeant hits you but does no damage.
Space warps around you.
You barely miss the gnoll sergeant.
The gnoll sergeant is severely wounded.
An adder comes into view.
The gnoll sergeant hits you but does no damage.
The adder hisses angrily.
You hit the gnoll sergeant. You headbutt the gnoll sergeant.
The gnoll sergeant is almost dead.
The gnoll sergeant hits you with a +1 trident of distortion!
You blink.
The adder barely misses you. The adder attacks as you move away!
The adder barely misses you. The adder closely misses you.
You barely miss the adder. You headbutt the adder.
The adder is lightly wounded.
You barely miss the gnoll. The gnoll barely misses you.
The adder bites you but does no damage. The gnoll hits you with a +0 flail.
The gnoll hits you from afar with a +0 halberd!
* * * LOW HITPOINT WARNING * * *
The gnoll barely misses you. You furiously retaliate!
You headbutt the gnoll! You hit the adder. You headbutt the adder!
You kill the adder!
You barely miss the gnoll. You slash the gnoll! You block the gnoll's attack.
The gnoll hits you but does no damage.
You closely miss the gnoll. You headbutt the gnoll.
You kill the gnoll!
You closely miss the gnoll.
The gnoll hits you from afar with a +0 halberd!
You die...

#. #.#.....
#. #.#.....
##.##'#.....
#...........
#.........#
#..gg...).#
#.....g...##
#.!g).......
#...@.......
#.....$.....
#########...
... ..


You could see a gnoll sergeant and 3 gnolls.

Vanquished Creatures
  Jessica (D:2)
  Robin (D:2)
  6 gnolls
  3 adders
  2 dart slugs (D:2)
  6 endoplasms
  3 giant cockroaches
  8 goblins
  5 hobgoblins
  3 jackals (D:1)
  6 quokkas
  3 ball pythons
  4 bats
  5 frilled lizards
  7 kobolds
  3 rats
66 creatures vanquished.

Notes
Turn   | Place    | Note
-------+----------+-------------------------------------------
     0 | D:1      | apoch the Minotaur Fighter began the quest for the Orb.
     0 | D:1      | Reached XP level 1. HP: 19/19 MP: 0/0
    74 | D:1      | Reached skill level 3 in Axes
   121 | D:1      | Reached XP level 2. HP: 26/26 MP: 1/1
   856 | D:1      | Reached skill level 4 in Axes
  1131 | D:2      | Reached XP level 3. HP: 3/31 MP: 2/2
  1134 | D:2      | HP: 1/31 [gnoll/+0 club (2)]
  1136 | D:2      | Reached skill level 5 in Axes
  1492 | D:2      | Reached XP level 4. HP: 38/39 MP: 3/3
  1531 | D:2      | Noticed Jessica
  1534 | D:2      | Noticed Robin
  1546 | D:2      | Killed Robin
  1546 | D:2      | Killed Jessica
  1547 | D:2      | Reached skill level 6 in Axes
  2123 | D:2      | Reached XP level 5. HP: 45/45 MP: 4/4
  2409 | D:3      | Slain by a gnoll

Illustrated notes

Levels and vault maps discovered:
D:1:      reono_arrival_forest_river, layout_loops_corners
D:2:      layout_basic, minmay_pentomino_u2, uniq_jessica, uniq_robin
D:3:      layout_basic, shapermc_ecumenical_altar_acropolis

Skill      XL: |  1  2  3  4 |
---------------+-------------+-----
Axes           | 3 4 5 6 |  6.8
Fighting       | |  3.6
Armour         | |  3.6
Shields        | |  3.6

Action                   |  1- 3 |  4- 6 || total
-------------------------+-------+-------++-------
Melee: War axe           |    70 |    68 ||   138
       Headbutt          |     7 |    14 ||    21
Throw: Stone             |    22 |     7 ||    29
Armor: Scale mail        |    26 |     3 ||    29
       Chain mail        |       |    38 ||    38
       Skin              |       |     6 ||     6
Dodge: Dodged            |    25 |    27 ||    52
Block: Buckler           |    20 |    13 ||    33
